 Dungeon Crawl Stone Soup version 0.30-a0-924-g0ad0bf95bc (webtiles) character file.

Game seed: 16146709767977555793

2307 12sPaWn12 the Fighter (level 9, -4/91 (98) HPs)
             Began as an Ogre Berserker on Mar 23, 2023.
             Was an Elder of Trog.
             Shot with a sling bullet by Joseph (10 damage)
             ... on level 8 of the Dungeon.
             The game lasted 00:11:18 (9064 turns).

12sPaWn12 the Fighter (Ogre Berserker)              Turns: 9064, Time: 00:11:19

HP:   -4/91 (98)    AC:  4    Str: 27    XL:     9   Next: 41%
MP:   9/9           EV: 11    Int:  8    God:    Trog [****..]
Gold: 571           SH:  0    Dex:  8    Spells: 8/8 levels left

rFire   . . .      SeeInvis +    a - +1 spear
rCold   . . .      Faith    .    (no shield)
rNeg    . . .      Spirit   .    b - +1 animal skin
rPois   .          Reflect  .    (helmet restricted)
rElec   .          Rampage  .    (no cloak)
rCorr   .                        (gloves unavailable)
Will    .....                    (boots unavailable)
Stlth   +                        (no amulet)
HPRegen 0.35/turn                g - ring of see invisible
MPRegen 0.11/turn                (no ring)

@: drained
A: large, unfitting armour, tough skin 1
a: Renounce Religion, Berserk, Trog's Hand, Brothers in Arms


You were on level 8 of the Dungeon.
You worshipped Trog.
Trog was greatly pleased with you.
You visited 2 branches of the dungeon, and saw 9 of its levels.
You also visited: Sewer.

You collected 571 gold pieces.

Inventory:

Hand Weapons
 a - a +1 spear (weapon)
Missiles
 D - a throwing net (quivered)
Armour
 b - a +1 animal skin (worn)
Jewellery
 g - a ring of see invisible (left hand)
 o - an amulet of reflection
 t - a ring of protection from fire
 x - a ring of magical power
 E - a +6 ring of dexterity
Wands
 p - a wand of digging (8)
 v - a wand of charming (9)
 F - a wand of mindburst (16)
Scrolls
 c - a scroll of enchant armour
 e - a scroll of enchant weapon
 h - 3 scrolls of teleportation
 j - a scroll of butterflies
 n - a scroll of blinking
 q - a scroll of torment
 r - a scroll of magic mapping {unknown}
 u - 2 scrolls of immolation
 y - a scroll of silence {unknown}
 z - 3 scrolls of identify
 B - a scroll of vulnerability {unknown}
Potions
 d - 4 potions of curing
 f - a potion of haste {unknown}
 i - a potion of lignification {unknown}
 k - a potion of attraction {unknown}
 l - a potion of mutation {unknown}
 m - 2 potions of degeneration {unknown}
 s - a potion of heal wounds {unknown}
 w - a potion of magic {unknown}
 A - a potion of berserk rage {unknown}
 C - a potion of brilliance {unknown}
 G - a potion of resistance {unknown}


   Skills:
 + Level 9.3 Fighting
 + Level 8.9 Polearms
 + Level 6.4 Dodging


You had 8 spell levels left.
You didn't know any spells.
Your spell library was empty.

Dungeon Overview and Level Annotations

Branches:
Dungeon (8/15)             Temple (1/1) D:5           Sewer (visited)
   Lair: D:8-11

Altars:
Ashenzari
Cheibriados
Dithmenos
Elyvilon
Fedhas
Gozag
Hepliaklqana
Kikubaaqudgha
Makhleb
Nemelex Xobeh
Okawaru
Ru
Sif Muna
Trog
Uskayaw
Vehumet
Wu Jian
Xom
Yredelemnul
Zin
The Shining One

Shops:
D:5 :

Annotations:
D:8 Joseph, Maggie, Pikel


Innate Abilities, Weirdness & Mutations

You are too large for most types of armour.
You have tough skin. (AC +1)


Message History

Joseph shoots a sling bullet.
The sling bullet hits you!
Joseph shoots a sling bullet.
The sling bullet hits you!
You reach to attack!
You puncture Joseph!
Joseph is lightly wounded.
Joseph shoots a sling bullet.
The sling bullet barely misses Maggie.
The sling bullet hits you!
You are too injured to fight recklessly!
You are too injured to fight recklessly!
You are too injured to fight recklessly!
Unknown command.
Maggie barely misses Joseph.
Joseph unwields a +0 sling.
Joseph wields a +2 quarterstaff of holy wrath.
It softly glows with a divine radiance!
Joseph barely misses you.
You hit Joseph.
Joseph is lightly wounded.
Maggie closely misses Joseph.
You barely miss Joseph.
Joseph is lightly wounded.
Joseph hits you with a +2 quarterstaff of holy wrath.
* * * LOW HITPOINT WARNING * * *
You completely miss Joseph.
Joseph is lightly wounded.
Maggie completely misses Joseph.
Joseph hits you with a +2 quarterstaff of holy wrath!!
* * * LOW HITPOINT WARNING * * *
You hit Joseph but do no damage.
Joseph is lightly wounded.
Maggie hits Joseph with a +1 broad axe of flaming!
Maggie burns Joseph.
Joseph unwields a +2 quarterstaff of holy wrath.
It stops glowing.
Joseph wields a +0 sling.
Joseph shoots a sling bullet.
The sling bullet hits Maggie!
Maggie hits Joseph with a +1 broad axe of flaming!
Maggie burns Joseph.
Joseph shoots a sling bullet.
The sling bullet hits Maggie!
Maggie hits Joseph with a +1 broad axe of flaming!!
Maggie burns Joseph.
Joseph shoots a sling bullet.
The sling bullet barely misses Maggie.
The sling bullet hits you!
You die...

_≈.≈......
≈≈≈.≈.....#
.[..≈.....##
≈≈≈≈≈≈≈......###
................##
.....#...........#
....##.........#
#........<.#
#.......@..#
#.........##
##........#
#.....@...#
##...@..###
#.........#
...........#
............#
............#


You could see Joseph (ally target) and the friendly Maggie (charmed).

Vanquished Creatures
  2 water moccasins (D:6)
  2 black bears (D:5)
  2 ice beasts
  An orc warrior (D:7)
  2 phantoms
  3 kobold brigands
  5 bullfrogs
  A gnoll sergeant (D:7)
  A wight (D:7)
  2 howler monkeys
  2 jellies
  A lava snake (D:7)
  6 hounds
  4 orc priests
  Jessica (D:3)
  An orc wizard (D:7)
  A sleepcap (D:7)
  An iguana (D:5)
  6 gnolls
  8 adders
  A shadow imp (D:7)
  A white imp (D:8)
  5 worms
  A dart slug (D:2)
  12 orcs
  5 endoplasms
  10 giant cockroaches
  9 goblins
  8 hobgoblins
  11 jackals
  5 quokkas
  12 ball pythons
  2 bats (D:2)
  9 frilled lizards
  17 kobolds
  7 rats
167 creatures vanquished.

Notes
Turn   | Place    | Note
-------+----------+-------------------------------------------
     0 | D:1      | 12sPaWn12 the Ogre Berserker began the quest for the Orb.
     0 | D:1      | Reached XP level 1. HP: 24/24 MP: 1/1
    73 | D:1      | Reached XP level 2. HP: 26/32 MP: 2/2
   655 | D:2      | Reached XP level 3. HP: 32/40 MP: 3/3
   657 | D:2      | Reached ** piety under Trog
  1311 | D:2      | Reached XP level 4. HP: 45/49 MP: 4/4
  1482 | D:2      | Found a faded altar of an unknown god.
  1713 | D:3      | Noticed Jessica
  1721 | D:3      | Killed Jessica
  1722 | D:3      | Reached skill level 5 in Fighting
  2000 | D:3      | Reached XP level 5. HP: 56/57 MP: 5/5
  2507 | D:4      | Reached *** piety under Trog
  2681 | D:4      | You fall into a shaft and drop 1 floor!
  2681 | D:5      | Entered Level 5 of the Dungeon
  2824 | D:5      | Found a glowing drain.
  2834 | Sewer    | Entered a sewer
  3108 | Sewer    | Reached XP level 6. HP: 63/66 MP: 6/6
  3275 | Sewer    | Reached skill level 5 in Polearms
  3646 | D:5      | Found a staircase to the Ecumenical Temple.
  3733 | D:5      | Reached **** piety under Trog
  3738 | Temple   | Entered the Ecumenical Temple
  3993 | D:5      | Reached skill level 6 in Fighting
  4008 | D:5      | Found a broken altar of Ashenzari.
  4020 | D:5      | Reached XP level 7. HP: 38/75 MP: 7/7
  4136 | D:5      | Found a shadowy altar of Dithmenos.
  4448 | D:5      | Found Loniumut's Vocational Training.
  4702 | D:5      | Reached skill level 5 in Dodging
  4962 | D:5      | Reached XP level 8. HP: 82/84 MP: 8/8
  5410 | D:4      | Reached skill level 7 in Fighting
  6600 | D:6      | Found a sparkling altar of Nemelex Xobeh.
  6600 | D:6      | Found a shimmering blue altar of Sif Muna.
  7079 | D:7      | Reached skill level 8 in Fighting
  7209 | D:7      | Reached XP level 9. HP: 84/97 MP: 9/9
  8163 | D:7      | Reached skill level 9 in Fighting
  8561 | D:8      | Noticed Pikel
  9050 | D:8      | Noticed Joseph
  9050 | D:8      | Found a sacrificial altar of Ru.
  9051 | D:8      | Noticed Maggie
  9064 | D:8      | Shot with a sling bullet by Joseph

Illustrated notes

Levels and vault maps discovered:
D:1:      scummos_arrival_hexagon, layout_loops_ring
D:2:      minmay_wonky_spiral, layout_loops_ring, ebering_ecumenical_altar_rust,
          chequers_arboretum, dreamdust_princess_bridge,
          hangedman_abyss_or_decor_lesser_grid
D:3:      layout_rooms, chequers_mini_garden, uniq_jessica
D:4:      layout_basic
D:5:      layout_loops_ring, nicolae_overflow_squiral, minmay_temple_entry_grid,
          cheibrodos_sewer_entry_drain, nicolae_sextant, nicolae_shop_vocational
D:6:      layout_cave_pools, amethyst_overflow_temple_binary, eino_curves_02,
          nrook_mini_backslash
D:7:      layout_rooms, grunt_ministairs_5, grunt_decor_junction
D:8:      layout_cave_pools, mainiacjoe_overflow_catwalk_spiral,
          serial_column_ruins, column_ruins_hut, column_ruins_columns_dead_end,
          column_ruins_grid_1, column_ruins_columns_straight, uniq_joseph,
          uniq_maggie, uniq_pikel
Temple:   nicolae_temple_slightly_damp_pantheon

Skill      XL: |  1  2  3  4  5  6  7  8  9 |
---------------+----------------------------+-----
Dodging        | 3 4 5 6 |  6.4
Fighting       | 5 6 8 9 |  9.3
Polearms       | 4 5 6 8 |  8.9

Action                     |  1- 3 |  4- 6 |  7- 9 || total
---------------------------+-------+-------+-------++-------
  Melee: Spear             |   143 |   301 |   458 ||   902
         Punch             |     2 |     1 |     7 ||    10
  Evoke: Wand              |       |       |     2 ||     2
    Use: Scroll            |       |     6 |     3 ||     9
   Stab: Sleeping          |       |     2 |     2 ||     4
 Armour: Animal skin       |    38 |    73 |    74 ||   185
  Dodge: Dodged            |    55 |   123 |   173 ||   351

Table legend: (Time is in decaauts)
 A = Elapsed time spent in this place.
 B = Non-inter-level travel time spent in this place.
 C = Inter-level travel time spent in this place.
 D = Time resting spent in this place.
 E = Time spent auto-exploring this place.
 F = Levels seen in this place.
 G = Mean time per level.
                   A        B        C        D        E       F      G
               +--------+--------+--------+--------+--------+-----+--------+
         Total |   8883 |   8687 |    196 |      0 |   7357 |  10 |  888.3 |
       Dungeon |   7920 |   7742 |    178 |      0 |   6620 |   8 |  990.0 |
        Temple |    182 |    164 |     18 |      0 |    147 |   1 |  182.0 |
         Sewer |    780 |    780 |      0 |      0 |    590 |   1 |  780.0 |
               +--------+--------+--------+--------+--------+-----+--------+

Top non-repeatable levels by time:
     D:7: 1921 daAuts
     D:5: 1496 daAuts
     D:4: 1209 daAuts
     D:2: 1077 daAuts
     D:6: 845 daAuts
   Sewer: 780 daAuts
     D:3: 605 daAuts
     D:1: 587 daAuts
  Temple: 182 daAuts
     D:8: 177 daAuts
